 Dungeon Crawl Stone Soup version 0.20.1 (webtiles) character file.

168570 vishdafish the Brawler (level 17, -4/172 HPs)
             Began as a Troll Monk on July 2, 2017.
             Was a High Priest of Cheibriados.
             Slain by a wolf spider (9 damage)
             ... on level 4 of the Spider Nest.
             The game lasted 01:18:35 (24644 turns).

vishdafish the Brawler (Troll Monk)                Turns: 24644, Time: 01:18:38

Health: -4/172     AC: 10    Str: 43    XL:     17   Next: 33%
Magic:  16/24      EV: 18    Int: 20    God:    Cheibriados [*****.]
Gold:   2970       SH:  0    Dex: 28    Spells: 16/16 levels left

rFire    . . .     SeeInvis .     - Unarmed
rCold    . . .     Gourm    +   Z - +1 shield {AC+3}
rNeg     + . .     Faith    .   m - +2 pearl dragon scales
rPois    .         Spirit   .   z - +2 hat {MR+}
rElec    .         Reflect  .   I - +0 cloak
rCorr    +         Harm     .   (gloves unavailable)
MR       ++...                  (boots unavailable)
Stlth    ..........             L - amulet of regeneration
Regen    1.2/turn               Y - +3 ring of strength
MPRegen  0.2/turn               i - ring of resist corrosion

@: confused, lethally poisoned (-4 -> -4), corroded, very slow
A: unfitting armour, claws 3, fast metabolism 3, gourmand, regeneration 1,
shaggy fur 1, tough skin 2
a: Bend Time, Temporal Distortion, Slouch, Step From Time, Renounce Religion


You were on level 4 of the Spider Nest.
You worshipped Cheibriados.
Cheibriados was extremely pleased with you.
You were full.

You visited 6 branches of the dungeon, and saw 29 of its levels.
You also visited: Labyrinth and Bailey.

You collected 2970 gold pieces.

Inventory:

Hand Weapons
 a - a +2 eveningstar of freezing
Missiles
 w - 13 large rocks (quivered)
Armour
 m - +2 pearl dragon scales (worn)
 z - a +2 hat of magic resistance (worn)
 I - a +0 cloak (worn)
 Z - a +1 shield of protection (worn)
Jewellery
 i - a ring of resist corrosion (right claw)
 L - an amulet of regeneration (around neck)
 Q - an uncursed ring of protection from magic
 Y - a +3 ring of strength (left claw)
Wands
 M - a wand of digging (16/24)
 V - a wand of acid (4/15)
Scrolls
 d - 6 scrolls of fear
 l - 12 scrolls of remove curse
 n - 10 scrolls of amnesia
 t - 7 scrolls of teleportation
 u - 3 scrolls of enchant weapon
 x - 4 scrolls of fog
 y - a scroll of summoning
 A - a scroll of blinking
 C - 4 scrolls of noise {unknown}
 D - 3 scrolls of enchant armour {unknown}
 G - 8 scrolls of recharging
 J - a scroll of silence
 K - 3 scrolls of random uselessness {unknown}
 O - 2 scrolls of acquirement
 R - 4 scrolls of immolation
 S - a scroll of brand weapon
 U - 5 scrolls of vulnerability {unknown}
 X - 4 scrolls of magic mapping {unknown}
Potions
 e - 3 potions of might
 h - 8 potions of flight
 j - 9 potions of curing
 k - a potion of ambrosia
 o - 2 potions of agility
 p - 6 potions of lignification {unknown}
 q - 2 potions of berserk rage {unknown}
 r - 4 potions of degeneration {unknown}
 s - 4 potions of invisibility {unknown}
 v - 2 potions of cancellation {unknown}
 E - 3 potions of heal wounds
 F - 10 potions of brilliance
 H - 2 potions of resistance
 P - 4 potions of magic {unknown}
Books
 B - the Catalogue of Protection and Darkness
   (You found it on level 10 of the Dungeon)

   Spells                             Type                      Level
   a - Infusion                       Charms                       1
   b - Shroud of Golubria             Charms/Translocation         2
   c - Swiftness                      Charms/Air                   2
   d - Corpse Rot                     Necromancy                   2
   e - Ozocubu's Armour               Charms/Ice                   3
   f - Regeneration                   Charms/Necromancy            3
   g - Spectral Weapon                Hexes/Charms                 3
 T - a book of the Earth

   Spells                             Type                      Level
   a - Leda's Liquefaction            Hexes/Earth                  4
   b - Bolt of Magma                  Conjuration/Fire/Earth       5
   c - Statue Form                    Transmutation/Earth          6
   d - Iron Shot                      Conjuration/Earth            6
   e - Shatter                        Earth                        9
Miscellaneous
 N - a fan of gales
 W - a lamp of fire
Comestibles
 b - 12 bread rations
 c - 9 meat rations
 f - 14 royal jellies
 g - 19 fruits


   Skills:
 + Level 11.6 Fighting
 * Level 9.7 Throwing
 * Level 10.4 Armour
 - Level 10.3 Dodging
 - Level 1.0 Stealth
 + Level 8.3 Shields
 - Level 15.1 Unarmed Combat
 - Level 11.1 Invocations


You had 16 spell levels left.
You didn't know any spells.

Dungeon Overview and Level Annotations

Branches:
Dungeon (15/15)            Temple (1/1) D:6            Lair (6/6) D:11
  Swamp (0/4) Lair:3       Spider (4/4) Lair:3        Slime (0/5) Lair:5
    Orc (2/2) D:12            Elf (0/3) Orc:2        Vaults (0/5) D:14
 Depths (1/5) D:15

Altars:
Ashenzari
Cheibriados
Dithmenos
Elyvilon
Fedhas
Gozag
Hepliaklqana
Kikubaaqudgha
Makhleb
Nemelex Xobeh
Okawaru
Qazlal
Ru
Sif Muna
Trog
Uskayaw
Vehumet
Xom
Yredelemnul
Zin
The Shining One
Beogh
Jiyva
Lugonu

Shops:
D:5 ?   D:12 %   D:15 }   Orc:2 (}:((

Portals:
Hell: Depths:1
Trove: D:14 (give +5 ice dragon scales)


Innate Abilities, Weirdness & Mutations

You are too large for most types of armour.
You have claws for hands.
Your metabolism is lightning-fast.
You like to eat raw meat.
Your natural rate of healing is unusually fast.
You are covered in fur. (AC +1)
You have very tough skin. (AC +2)


Message History

You're too confused!
You're too confused!
Okay, then.
Evoke which item? (* to show all) (? for menu, Esc to quit)
Okay, then.
Quiver which item? (- for none, * to show all) (? for menu, Esc to quit)
Okay, then.
You feel much better.
You feel sick. The wolf spider hits you!
* * * LOW HITPOINT WARNING * * *
The wolf spider completely misses you. The wolf spider hits you!
* * * LOW HITPOINT WARNING * * *
The wolf spider closely misses you. The tarantella barely misses you.
The wolf spider hits you!
* * * LOW HITPOINT WARNING * * *
The wolf spider bites you.
* * * LOW HITPOINT WARNING * * *
The wolf spider hits you!
* * * LOW HITPOINT WARNING * * *
The wolf spider bites you!
You die...

.# ... . ..#..# .^^ ^
...^#...^. #.
..^#..^^.. #.##
^.^#^..... ###...
##.†#.....
#^.|.s##....†..######
#@ss†.....^...^.
.^...ss##s†#....^.....
.####.. ##......^†....
#.. ###..^........
#..##......^.^^.^.
.^##.^..#..†#######
### ###..#....^.^.^##
#....#.†..^.^..^≈
###....#†.....†...


You could see 2 wolf spiders, 2 tarantellas and 2 redbacks.

Vanquished Creatures
  Rupert (D:14)
  Asterion (Spider:1)
  Gastronok (Lair:1)
  Frances (D:13)
  A ghost moth (Spider:2)
  3 emperor scorpions
  3 entropy weavers
  2 stone giants (Orc:1)
  Nessos (Lair:6)
  A spark wasp (Spider:3)
  2 ettins
  A minotaur (Lab)
  Josephine (D:13)
  5 vault guards (D:14)
  Erolcha (D:13)
  Fannar (Lair:2)
  Harold (D:10)
  8 hydras
  5 centaur warriors
  7 two-headed ogres
  A death knight (D:14)
  An ogre mage (D:15)
  4 tengu warriors
  6 death yaks
  An orc high priest (Orc:2)
  Urug (D:12)
  A deep elf knight (Bailey)
  Sonja (D:11)
  13 spriggans (Lair:6)
  2 unseen horrors
  A lindwurm (Lair:4)
  3 orc knights (Orc:2)
  18 orb spiders
  16 ugly things
  4 orc sorcerers
  15 wolf spiders
  8 deep elf magi (Bailey)
  A wolf spider zombie (D:12)
  2 cyclopes (D:15)
  20 elephants
  4 manticores
  6 centaur zombies
  A moth of wrath (Spider:2)
  A torpor snail (Spider:3)
  4 molten gargoyles (D:15)
  6 black mambas
  4 spiny frogs
  2 rime drakes (Lair:6)
  A redback zombie (D:15)
  5 komodo dragons
  11 demonic crawlers
  5 kobold demonologists (D:13)
  2 efreet
  2 tengu conjurers
  35 jumping spiders
  5 trolls
  Prince Ribbit (D:9)
  9 hornets
  9 polar bears
  29 blink frogs
  7 slime creatures
  15 dream sheep
  13 hippogriffs
  A meliai zombie (D:15)
  7 wraiths (D:13)
  A centaur simulacrum (D:14)
  53 redbacks
  A shadow (D:12)
  A fire elemental (Lair:3)
  A vampire (D:13)
  28 tarantellas
  6 fire bats
  5 wyverns
  Eustachio (D:6)
  38 yaks
  4 basilisks
  Menkaure (D:6)
  2 hungry ghosts (D:12)
  2 wargs
  3 vampire mosquitoes (D:14)
  A soldier ant (D:15)
  14 water moccasins
  An acid dragon (D:10)
  11 porcupines
  38 orc warriors
  6 sky beasts
  2 ice beasts
  6 black bears
  2 phantoms (D:6)
  A hornet zombie (D:13)
  An eye of draining (D:14)
  14 centaurs
  4 boggarts (Lair:6)
  30 wolves
  12 ogres
  10 crocodiles
  5 big kobolds
  A big kobold (shapeshifter) (D:15)
  20 bullfrogs
  A wyvern zombie (D:10)
  A wyvern skeleton (D:11)
  5 scorpions
  3 killer bees (D:7)
  8 wights
  5 electric eels
  A lava snake (Lair:3)
  6 crimson imps
  2 bullfrog zombies
  5 hounds
  5 jellies
  A quasit (D:8)
  15 orc priests
  5 centaur skeletons
  3 bullfrog skeletons
  Crazy Yiuf (D:6)
  2 hell rats (Lair:5)
  Ijyb (D:4)
  23 orc wizards
  Natasha (thrice) (D:4)
  5 iguanas
  7 worker ants
  A hound zombie (D:9)
  3 hound skeletons
  Robin (D:2)
  9 gnolls
  20 adders
  5 river rats (Lair:5)
  A shadow imp (D:12)
  3 adder skeletons
  An adder zombie (D:5)
  2 worms
  8 dart slugs
  11 leopard geckos
  97 orcs
  11 giant cockroaches
  15 goblins
  11 hobgoblins
  11 jackals
  8 quokkas
  A ball python (D:3)
  7 bats
  2 frilled lizards
  27 kobolds
  A leopard gecko skeleton (D:6)
  11 rats
1052 creatures vanquished.

Vanquished Creatures (others)
  An orb spider (Spider:2)
  A centaur simulacrum (D:14)
  A jelly (D:14)
  12 fungi
  3 plants
18 creatures vanquished.

Grand Total: 1070 creatures vanquished

Notes
Turn   | Place    | Note
-------+----------+-------------------------------------------
     0 | D:1      | vishdafish the Troll Monk began the quest for the Orb.
     0 | D:1      | Reached XP level 1. HP: 22/22 MP: 0/0
    90 | D:1      | Reached XP level 2. HP: 29/29 MP: 1/1
   625 | D:1      | Reached XP level 3. HP: 32/36 MP: 2/2
  1018 | D:2      | Noticed Robin
  1053 | D:2      | Reached skill level 4 in Unarmed Combat
  1071 | D:2      | Killed Robin
  1071 | D:2      | Reached XP level 4. HP: 45/45 MP: 3/3
  1699 | D:3      | Reached XP level 5. HP: 36/53 MP: 4/4
  1859 | D:3      | Found an iron altar of Okawaru.
  2211 | D:3      | Found a glowing silver altar of Zin.
  2211 | D:3      | Found a shadowy altar of Dithmenos.
  2211 | D:3      | Found a hazy altar of Hepliaklqana.
  2519 | D:4      | Reached skill level 5 in Unarmed Combat
  2520 | D:4      | Found a sparkling altar of Nemelex Xobeh.
  2520 | D:4      | Noticed an orc warrior
  2521 | D:4      | Found a transporter.
  2532 | D:4      | Noticed Ijyb
  2541 | D:4      | Killed Ijyb
  2610 | D:4      | Found a stormy altar of Qazlal.
  2740 | D:4      | Noticed Natasha
  2749 | D:4      | Killed Natasha
  2749 | D:4      | Reached XP level 6. HP: 28/61 MP: 5/5
  2884 | D:4      | Found a transporter.
  2914 | D:4      | HP: 3/62 [orc warrior/tomahawk (11)]
  3032 | D:4      | Killed an orc warrior
  3034 | D:4      | Noticed Natasha
  3039 | D:4      | Killed Natasha
  3044 | D:4      | Reached skill level 6 in Unarmed Combat
  3044 | D:4      | Reached XP level 7. HP: 70/70 MP: 6/6
  3199 | D:4      | Noticed Natasha
  3207 | D:4      | Killed Natasha
  3210 | D:4      | Found a shattered altar of Ashenzari.
  3355 | D:5      | Entered Level 5 of the Dungeon
  3470 | D:5      | Found an opulent altar of Gozag.
  3547 | D:5      | Found Pilaff's Magic Scroll Shop.
  3590 | D:5      | Noticed a hippogriff
  3601 | D:5      | Killed a hippogriff
  3601 | D:5      | Reached skill level 7 in Unarmed Combat
  3657 | D:5      | Reached XP level 8. HP: 65/79 MP: 7/7
  4080 | D:6      | Found a burning altar of Makhleb.
  4129 | D:6      | Found a staircase to the Ecumenical Temple.
  4224 | Temple   | Entered the Ecumenical Temple
  4280 | Temple   | Became a worshipper of Cheibriados the Contemplative
  4280 | Temple   | Reached * piety under Cheibriados
  4280 | Temple   | Reached ** piety under Cheibriados
  4508 | D:6      | Found a sacrificial altar of Ru.
  4640 | D:6      | Noticed Menkaure
  4645 | D:6      | Killed Menkaure
  4645 | D:6      | Reached skill level 1 in Invocations
  4827 | D:6      | Noticed Eustachio
  4832 | D:6      | Killed Eustachio
  4832 | D:6      | Reached skill level 5 in Fighting
  4832 | D:6      | Reached skill level 8 in Unarmed Combat
  5118 | D:6      | Found a runed door.
  5141 | D:6      | Reached skill level 5 in Dodging
  5160 | D:6      | Noticed Crazy Yiuf
  5164 | D:6      | Killed Crazy Yiuf
  5386 | D:7      | Reached XP level 9. HP: 78/88 MP: 10/10
  5459 | D:7      | Reached *** piety under Cheibriados
  5807 | D:7      | Reached skill level 9 in Unarmed Combat
  5821 | D:7      | Reached **** piety under Cheibriados
  6003 | D:7      | Reached skill level 5 in Invocations
  6240 | D:8      | Found a glowing golden altar of the Shining One.
  6250 | D:8      | Noticed a two-headed ogre
  6256 | D:8      | Killed a two-headed ogre
  6256 | D:8      | Reached XP level 10. HP: 90/98 MP: 13/13
  6287 | D:8      | Paralysed by a hornet for 1 turns
  6509 | D:8      | Found a basalt altar of Yredelemnul.
  6681 | D:8      | Noticed a two-headed ogre
  6689 | D:8      | Killed a two-headed ogre
  6689 | D:8      | Reached ***** piety under Cheibriados
  6689 | D:8      | Reached skill level 10 in Unarmed Combat
  7171 | D:9      | Noticed Prince Ribbit
  7179 | D:9      | Killed Prince Ribbit
  7192 | D:9      | Noticed a two-headed ogre
  7196 | D:9      | Killed a two-headed ogre
  7686 | D:9      | Noticed a two-headed ogre
  7692 | D:9      | Killed a two-headed ogre
  7796 | D:10     | Entered Level 10 of the Dungeon
  7808 | D:10     | Reached skill level 11 in Unarmed Combat
  7830 | D:10     | Identified the Catalogue of Protection and Darkness
  7897 | D:10     | Found a flagged portal.
  7915 | Bailey   | Entered a bailey
  7920 | Bailey   | Noticed a deep elf mage
  7927 | Bailey   | Killed a deep elf mage
  7927 | Bailey   | Reached XP level 11. HP: 99/107 MP: 15/15
  7944 | Bailey   | Noticed a deep elf mage
  7945 | Bailey   | Noticed a deep elf mage
  7945 | Bailey   | Noticed a deep elf mage
  7945 | Bailey   | Noticed a deep elf mage
  7946 | Bailey   | Noticed a deep elf mage
  7947 | Bailey   | Noticed a deep elf mage
  7949 | Bailey   | Killed a deep elf mage
  7951 | Bailey   | Killed a deep elf mage
  8018 | Bailey   | Noticed a deep elf knight
  8024 | Bailey   | Killed a deep elf knight
  8051 | Bailey   | Killed a deep elf mage
  8054 | Bailey   | Killed a deep elf mage
  8064 | Bailey   | Killed a deep elf mage
  8072 | Bailey   | Killed a deep elf mage
  8087 | Bailey   | Noticed a deep elf mage
  8098 | Bailey   | Killed a deep elf mage
  8242 | D:10     | Killed an unseen horror
  8252 | D:10     | Noticed Harold
  8306 | D:10     | Killed Harold
  8336 | D:10     | Noticed a two-headed ogre
  8340 | D:10     | Killed a two-headed ogre
  8340 | D:10     | Reached skill level 12 in Unarmed Combat
  8493 | D:10     | Found a bloodstained altar of Trog.
  8625 | D:11     | Noticed Sonja
  8627 | D:11     | Killed Sonja
  8882 | D:11     | Reached XP level 12. HP: 70/118 MP: 17/17
  9080 | D:11     | Found a staircase to the Lair.
  9144 | D:11     | Got a transparent dagger
  9145 | D:11     | Identified the cursed +0 dagger of the Heart {venom, rC+ MP+9 Str+3} (You found it on level 11 of the Dungeon)
  9171 | D:11     | Reached ****** piety under Cheibriados
  9271 | D:11     | Noticed a two-headed ogre
  9282 | D:11     | Killed a two-headed ogre
  9662 | D:12     | Found Teqeseah's Food Shoppe.
  9733 | D:12     | Noticed Urug
  9755 | D:12     | Killed Urug
 10180 | D:12     | Found a staircase to the Orcish Mines.
 10368 | D:12     | Reached skill level 13 in Unarmed Combat
 10499 | D:12     | Reached skill level 10 in Invocations
 10593 | D:13     | Noticed a centaur warrior
 10601 | D:13     | Killed a centaur warrior
 10773 | D:13     | Noticed Josephine
 10831 | Lair:1   | Entered Level 1 of the Lair of Beasts
 10831 | Lair:1   | Noticed Gastronok
 10836 | Lair:1   | Killed Gastronok
 11305 | Lair:1   | Reached XP level 13. HP: 113/128 MP: 19/19
 12195 | Lair:2   | Reached skill level 14 in Unarmed Combat
 12390 | Lair:2   | Noticed Fannar
 12406 | Lair:2   | Killed Fannar
 12684 | Lair:3   | Reached skill level 1 in Shields
 13162 | Lair:3   | Found a hole to the Spider Nest.
 13439 | Lair:3   | Found a staircase to the Swamp.
 14029 | Lair:4   | Reached XP level 14. HP: 79/140 MP: 21/21
 14192 | Lair:4   | Reached skill level 15 in Unarmed Combat
 14505 | Lair:5   | Found a labyrinth entrance.
 14515 | Lab      | Entered a labyrinth
 15094 | Lab      | Identified Egipn's Almanac of Ignition and Evil Rites
 15221 | Lair:5   | Reached skill level 1 in Armour
 15770 | Lair:5   | Found a viscous altar of Jiyva.
 15770 | Lair:5   | Found a staircase to the Slime Pits.
 15852 | Lair:6   | Entered Level 6 of the Lair of Beasts
 16124 | Lair:6   | Noticed Nessos
 16130 | Lair:6   | Killed Nessos
 16130 | Lair:6   | Reached skill level 10 in Dodging
 16337 | Lair:6   | Reached skill level 10 in Fighting
 16373 | Lair:6   | Reached skill level 5 in Shields
 16503 | Lair:6   | Reached skill level 5 in Armour
 16572 | Lair:6   | Paralysed by a hornet for 1 turns
 16655 | Lair:6   | Reached XP level 15. HP: 149/149 MP: 22/22
 17124 | Orc:1    | Entered Level 1 of the Orcish Mines
 17175 | Orc:1    | HP: 5/149 [stone giant (15)]
 17689 | Orc:2    | Entered Level 2 of the Orcish Mines
 17707 | Orc:2    | Found Nitsiw's Weapon Emporium.
 17927 | Orc:2    | Found a staircase to the Elven Halls.
 17952 | Orc:2    | Reached skill level 1 in Throwing
 18384 | Orc:2    | Found Kaytt's Antique Weapon Emporium.
 18384 | Orc:2    | Found Teoffom's Book Boutique.
 18386 | Orc:2    | Found Nuhinlaox's Gadget Shop.
 18388 | Orc:2    | Found Malogam's Weapon Shoppe.
 18558 | Orc:2    | Found a runed door.
 18698 | Orc:2    | Found a roughly hewn altar of Beogh.
 18971 | D:13     | Killed Josephine
 19160 | D:13     | Noticed Erolcha
 19165 | D:13     | Killed Erolcha
 19535 | D:13     | Noticed Frances
 19543 | D:13     | Killed Frances
 19834 | D:14     | Noticed Rupert
 19842 | D:14     | Killed Rupert
 19842 | D:14     | Reached skill level 5 in Throwing
 20160 | D:14     | Found a portal to a secret trove of treasure.
 20339 | D:14     | Found a gate to the Vaults.
 20517 | D:15     | Entered Level 15 of the Dungeon
 20517 | D:15     | Found Voklut's Gadget Shop.
 20637 | D:15     | Reached XP level 16. HP: 161/161 MP: 23/23
 20842 | D:15     | Found a glowing golden altar of the Shining One.
 20952 | D:15     | Found a staircase to the Depths.
 21510 | Depths:1 | Entered Level 1 of the Depths
 21541 | Depths:1 | Found a gateway to Hell.
 21847 | Spider:1 | Entered Level 1 of the Spider Nest
 22131 | Spider:1 | Noticed Asterion
 22141 | Spider:1 | Killed Asterion
 22964 | Spider:2 | Identified a scroll of acquirement
 23822 | Spider:3 | Reached XP level 17. HP: 59/170 MP: 24/24
 23904 | Spider:3 | Reached skill level 10 in Armour
 24483 | Spider:4 | Entered Level 4 of the Spider Nest
 24644 | Spider:4 | HP: 5/172 [wolf spider (14)]
 24644 | Spider:4 | Slain by a wolf spider

Skill      XL: |  1  2  3  4  5  6  7  8  9 10 11 12 13 14 15 16 17 |
---------------+----------------------------------------------------+-----
Unarmed Combat | 4 5 6 7 8 9 11 12 13 14 15 | 15.1
Fighting       | 3 4 5 6 7 8 9 10 11 | 11.6
Dodging        | 3 4 5 6 7 8 9 10 | 10.3
Invocations    | 3 5 7 9 10 11 | 11.1
Shields        | 3 5 6 7 8 |  8.3
Armour         | 5 8 9 10 | 10.4
Throwing       | 5 8 9 |  9.7
Stealth        | |  1.0

Action                   |  1- 3 |  4- 6 |  7- 9 | 10-12 | 13-15 | 16-18 || total
-------------------------+-------+-------+-------+-------+-------+-------++-------
Melee: Unarmed           |    98 |   207 |   300 |   424 |  1191 |   579 ||  2799
       Punch             |     2 |     3 |    14 |    30 |    12 |       ||    61
       Eveningstar       |       |       |       |       |    22 |     5 ||    27
Throw: Large rock        |       |       |       |       |     4 |     9 ||    13
Invok: Slouch            |       |       |       |       |     6 |    11 ||    17
       Temporal Distorti |       |       |       |       |     4 |     4 ||     8
       Bend Time         |       |       |       |       |     1 |     1 ||     2
Evoke: Wand              |       |       |       |       |     3 |       ||     3
  Use: Potion            |       |     6 |     1 |     2 |       |     2 ||    11
       Scroll            |       |     4 |     4 |    10 |     8 |     4 ||    30
 Stab: Sleeping          |     6 |     2 |     4 |    13 |     6 |       ||    31
       Distracted        |       |       |     1 |     2 |       |       ||     3
  Eat: Chunk             |     7 |    19 |    30 |    32 |    61 |     7 ||   156
       Meat ration       |       |       |       |     2 |     2 |     4 ||     8
Armor: Robe              |    22 |     1 |       |       |       |       ||    23
       Animal skin       |       |    76 |    79 |    12 |       |       ||   167
       Skin              |       |     4 |     1 |       |       |       ||     5
       Troll leather arm |       |       |       |    85 |   112 |       ||   197
       Pearl dragon scal |       |       |       |       |   330 |   275 ||   605
Dodge: Dodged            |    53 |    91 |   182 |   311 |   782 |   466 ||  1885
Block: Shield            |       |       |       |       |   903 |   499 ||  1402
